 Dungeon Crawl Stone Soup version 0.31.0-12-g77e489cdc1 (webtiles) character file.

Game seed: 2302723944535885895

7123 H0rd4k the Slicer (level 11, -1/86 (87) HPs)
             Began as a Human Artificer on Feb 13, 2024.
             Was an Initiate of Gozag.
             Slain by Grum
             ... wielding a -2 halberd of freezing
              (23 damage)
             ... on level 8 of the Dungeon.
             The game lasted 00:16:29 (11749 turns).

H0rd4k the Slicer (Human Artificer)                Turns: 11749, Time: 00:16:29

HP:   -1/86 (87)    AC: 10    Str: 19    XL:     11   Next: 10%
MP:   21/21         EV: 11    Int: 16    God:    Gozag
Gold: 2464          SH:  5    Dex: 13    Spells: 23/23 levels left

rFire   . . .        o - +3 dagger (venom)
rCold   . . .        (no shield)
rNeg    . . .        F - +0 leather armour {rPois}
rPois   +            L - +0 helmet
rElec   .            O - scarf {+Inv}
rCorr   .            v - +0 pair of gloves
SInv    .            g - +0 pair of boots
Will    .....        r - amulet of reflection
Stlth   +            a - +4 ring of protection
HPRegen 0.34/turn    w - +6 ring of strength
MPRegen 0.17/turn

%: reflection
@: about to teleport, lightly drained
A: explore regen
a: Renounce Religion, Evoke Invisibility, Potion Petition, Call Merchant, Bribe
Branch


You were on level 8 of the Dungeon.
You worshipped Gozag.
Gozag was most pleased with you.
You visited 2 branches of the dungeon, and saw 10 of its levels.
You also visited: Ossuary.

You collected 2534 gold pieces.
You paid 70 gold pieces to Gozag.

Inventory:

Hand Weapons
 o - a +3 dagger of venom (weapon)
 E - the +0 flail of the Scorpion {pain, Will+ Int+8 Stlth-}
   (You found it on level 6 of the Dungeon)

   Int+8:     It affects your intelligence (+8).
   Will+:     It increases your willpower.
   Stlth-:    It makes you less stealthy.
 P - a +2 dagger of freezing
Missiles
 l - 3 throwing nets
 z - 40 poisoned darts (quivered)
Armour
 d - an orb of energy
 g - a +0 pair of boots (worn)
 v - a +0 pair of gloves (worn)
 F - a +0 leather armour of poison resistance (worn)
 L - a +0 helmet (worn)
 O - a scarf of invisibility (worn)
Magical Staves
 m - a staff of earth
 J - a staff of conjuration
Jewellery
 a - a +4 ring of protection (left hand)
 n - a +5 ring of evasion
 q - the ring of Fairhol {Will++ rCorr SInv Stlth-}
   (You acquired it on level 9 of the Dungeon)

   [ring of see invisible]

   Will++:    It greatly increases your willpower.
   SInv:      It lets you see invisible.
   rCorr:     It protects you from acid and corrosion.
   Stlth-:    It makes you less stealthy.
 r - an amulet of reflection (around neck)
 w - a +6 ring of strength (right hand)
Talismans
 B - a serpent talisman
Wands
 e - a wand of iceblast (15)
 I - a wand of flame (13)
Scrolls
 h - 3 scrolls of blinking {unknown}
 s - 4 scrolls of poison
 u - 2 scrolls of revelation
 x - 2 scrolls of summoning
 y - 2 scrolls of noise
 C - a scroll of enchant weapon
 G - a scroll of amnesia
 K - a scroll of immolation {unknown}
 M - a scroll of vulnerability {unknown}
 N - a scroll of identify
 Q - a scroll of enchant armour {unknown}
Potions
 b - 3 potions of cancellation {unknown}
 c - 2 potions of degeneration {unknown}
 f - 6 potions of might {unknown}
 j - 4 potions of mutation {unknown}
 k - 5 potions of heal wounds {unknown}
 p - 6 potions of curing
 t - 2 potions of attraction {unknown}
 A - 2 potions of lignification {unknown}
 D - a potion of enlightenment {unknown}
 H - a potion of haste {unknown}


   Skills:
 - Level 8.9 Fighting
 - Level 10.0 Short Blades
 + Level 0.1(6.2) Long Blades
 + Level 0.6 Axes
 + Level 0.1(0.4) Polearms
 + Level 0.1 Ranged Weapons
 + Level 2.5 Throwing
 - Level 2.0 Armour
 - Level 1.0 Dodging
 - Level 1.0 Stealth
 - Level 5.4 Shields
 * Level 6.7 Spellcasting
 + Level 0.7 Conjurations
 + Level 0.4 Hexes
 + Level 0.5 Summonings
 + Level 0.2 Necromancy
 + Level 0.3 Translocations
 + Level 0.3 Fire Magic
 + Level 0.1 Ice Magic
 + Level 0.2 Air Magic
 + Level 0.2 Earth Magic
 + Level 0.3 Alchemy
 + Level 0.3 Invocations
 - Level 3.0 Evocations
 + Level 0.2 Shapeshifting


You had 23 spell levels left.
You didn't know any spells.
Your spell library contained the following spells:

 Spells                   Type           Power      Damage    Failure   Level
 Magic Dart               Conj           28%        1d4       12%         1
 Freeze                   Ice            20%        1d4       14%         1
 Searing Ray              Conj           14%        2d5       17%         2
 Hailstorm                Conj/Ice       6%         3d5       36%         3
 Frozen Ramparts          Ice            10%        1d2       38%         3
 Fulminant Prism          Conj/Alch      3%         3d5       77%         4
 Borgnjor's Vile Clutch   Necr/Erth      3%         N/A       98%         5
 Death Channel            Necr           3%         N/A       100%        6
 Animate Dead             Necr           Unusable   N/A       N/A         4

Dungeon Overview and Level Annotations

Branches:
Dungeon (9/15)             Temple (1/1) D:6            Lair (0/5) D:9
Ossuary (visited)
    Orc: D:9-12

Altars:
Ashenzari
Cheibriados
Dithmenos
Elyvilon
Fedhas
Gozag
Hepliaklqana
Kikubaaqudgha
Makhleb
Nemelex Xobeh
Okawaru
Qazlal
Ru
Sif Muna
Trog
Uskayaw
Vehumet
Wu Jian
Xom
Yredelemnul
Zin
The Shining One

Shops:
D:3 *   D:6 (

Annotations:
D:2 1 runed translucent door, exclusion: door, Crazy Yiuf
D:7 exclusion: downstairs
D:8 Erica, Grum
D:9 exclusions: black bear, elephant and upstairs


Innate Abilities, Weirdness & Mutations

You regain HP and MP as you explore.


Message History

Things that are here:
a +2 heavy spear; a +0 robe You hit Grum but do no damage.
Grum hits you with a -2 halberd of freezing.
Grum freezes you.
You hit Grum but do no damage.
Grum is poisoned.
You hit Grum but do no damage.
Grum looks even sicker.
Grum hits you with a -2 halberd of freezing.
Grum freezes you.
You barely miss Grum.
Grum is lightly wounded.
The wolf is distracted by your dazzling golden aura.
The wolf howls!
You hit Grum but do no damage.
Grum looks as sick as possible!
Grum is lightly wounded.
You hear a howl!
Grum hits you with a -2 halberd of freezing.
Grum freezes you.
You hit Grum but do no damage.
Grum is lightly wounded.
You hit Grum but do no damage.
Grum is lightly wounded.
The wolf is no longer distracted by gold.
Grum hits you with a -2 halberd of freezing.
Grum freezes you.
You hit Grum.
Grum is lightly wounded.
You hit Grum but do no damage.
Grum looks as sick as possible!
Grum is lightly wounded.
Grum hits you with a -2 halberd of freezing.
* * * LOW HITPOINT WARNING * * *
Grum freezes you.
* * * LOW HITPOINT WARNING * * *
You hit Grum.
Grum looks as sick as possible!
Grum is moderately wounded.
As you read the scroll of teleportation, it crumbles to dust.
You feel strangely unstable.
Grum hits you with a -2 halberd of freezing!!
You die...
Your body crumbles into a pile of gold.

#### #[.## ###...# ####
###og...###..## .. #
#.oh#@..#.....##.# ..
######...#....).......# #..
##...##..######.#>.....##...
#.....#h.#### ####.......h..
##...........## ##.......#
####.............## #......##
##.....#..........h###...!...# #.
#.....#.............###.##..##...
##...###.....g.h.##..##..#.$...#


You could see Grum (extremely poisoned) and an orc.

Vanquished Creatures
  Pikel (D:7)
  An elephant (D:9)
  Jeremiah (D:8)
  A komodo dragon (D:7)
  A troll (D:9)
  A hornet (D:7)
  Grinder (D:5)
  A shadow (D:7)
  4 steam dragons
  4 yaks (D:9)
  A basilisk (D:9)
  A wyvern (D:9)
  Menkaure (D:5)
  An ice beast (D:6)
  2 orc warriors
  2 sky beasts (D:7)
  An ogre (D:5)
  2 black bears
  2 centaurs
  2 wolves (D:8)
  A phantom (D:6)
  3 kobold brigands
  A gnoll sergeant (D:9)
  4 bullfrogs
  3 scorpions
  2 wights (D:8)
  3 killer bees (D:7)
  4 howler monkeys
  A bombardier beetle (D:5)
  8 hounds
  A jelly (D:5)
  6 orc priests
  Jessica (D:2)
  A sleepcap (D:7)
  6 iguanas
  8 orc wizards
  6 mummies (Ossuary)
  5 gnolls (D:9)
  7 adders
  2 shadow imps
  A white imp (D:5)
  2 ufetubi (D:6)
  3 ribbon worms
  A dart slug (D:2)
  35 orcs
  2 endoplasms (D:1)
  5 giant cockroaches
  3 gnoll zombies (Ossuary)
  4 goblins (D:1)
  7 hobgoblins
  12 jackals
  20 kobolds
  3 quokkas
  7 ball pythons
  2 bats (D:3)
  2 frilled lizards
  2 hobgoblin zombies (Ossuary)
  A kobold zombie (Ossuary)
  An orc zombie (Ossuary)
  5 rats
222 creatures vanquished.

Vanquished Creatures (collateral kills)
  A kobold brigand (D:7)
  A wight (D:7)
  A human zombie (D:7)
  A mummy (Ossuary)
  A white imp (D:7)
  A kobold zombie (Ossuary)
6 creatures vanquished.

Vanquished Creatures (others)
  A water moccasin (D:7)
  An ogre (D:7)
  A bullfrog (D:7)
  A killer bee (D:8)
  An orc wizard (D:3)
  A mummy (Ossuary)
  An adder (D:5)
  A kobold (D:6)
8 creatures vanquished.

Grand Total: 236 creatures vanquished

Notes
Turn   | Place    | Note
-------+----------+-------------------------------------------
     0 | D:1      | H0rd4k the Human Artificer began the quest for the Orb.
     0 | D:1      | Reached XP level 1. HP: 15/15 MP: 1/1
   204 | D:1      | Reached XP level 2. HP: 6/22 MP: 2/2
   707 | D:1      | Found a faded altar of an unknown god.
   713 | D:1      | Reached XP level 3. HP: 23/28 MP: 3/3
  1640 | D:2      | Found a runed translucent door.
  1641 | D:2      | Noticed Crazy Yiuf
  1662 | D:2      | Found an ornate altar of the Wu Jian Council.
  1662 | D:2      | Noticed Jessica
  1668 | D:2      | Killed Jessica
  1669 | D:2      | Reached XP level 4. HP: 37/37 MP: 4/4
  2268 | D:3      | Reached XP level 5. HP: 43/43 MP: 5/5
  2595 | D:3      | Reached skill level 1 in Short Blades
  2718 | D:3      | Found Zioniaq's Assorted Antiques.
  2997 | D:4      | Found an ornate altar of the Wu Jian Council.
  3494 | D:5      | Entered Level 5 of the Dungeon
  3507 | D:5      | Reached skill level 5 in Fighting
  3507 | D:5      | Reached skill level 2 in Short Blades
  3554 | D:5      | Noticed an ogre
  3565 | D:5      | Killed an ogre
  3566 | D:5      | Reached skill level 3 in Short Blades
  3566 | D:5      | Reached XP level 6. HP: 39/51 MP: 6/6
  3730 | D:5      | Reached XP level 7. HP: 57/57 MP: 7/7
  3731 | D:5      | Noticed Grinder
  3745 | D:5      | Reached skill level 4 in Short Blades
  3783 | D:5      | Killed Grinder
  3883 | D:5      | Noticed Menkaure
  3889 | D:5      | Killed Menkaure
  3890 | D:5      | Reached skill level 5 in Short Blades
  3890 | D:5      | Reached XP level 8. HP: 19/65 MP: 8/8
  3955 | D:5      | Reached skill level 1 in Shields
  4215 | D:5      | Reached skill level 6 in Short Blades
  4322 | D:5      | Found a snail-covered altar of Cheibriados.
  4440 | D:5      | Found a shimmering altar of Xom.
  4675 | D:6      | Reached skill level 7 in Short Blades
  4778 | D:6      | Found a staircase to the Ecumenical Temple.
  4792 | Temple   | Entered the Ecumenical Temple
  4866 | Temple   | Became a worshipper of Gozag Ym Sagoz the Greedy
  4988 | D:6      | Identified the +0 flail of the Scorpion {pain, Will+ Int+8
                  | Stlth-}
  5050 | D:6      | Found Gef Ciev's Antique Weapon Boutique.
  5375 | D:6      | Reached XP level 9. HP: 61/72 MP: 9/9
  5732 | D:7      | Found a sand-covered staircase.
  5763 | Ossuary  | Entered an ossuary
  6233 | D:7      | Identified a scroll of acquirement
  6233 | D:7      | Acquired 1012 gold pieces
  6297 | D:7      | Reached skill level 8 in Short Blades
  6394 | D:7      | Noticed Pikel
  6420 | D:7      | Killed Pikel
  6464 | D:7      | Found a hazy altar of Hepliaklqana.
  6466 | D:7      | Found a radiant altar of Vehumet.
  7018 | D:7      | Reached skill level 9 in Short Blades
  7273 | D:7      | Noticed a hornet
  7304 | D:7      | Killed a hornet
  7305 | D:7      | Reached skill level 5 in Shields
  7305 | D:7      | Reached XP level 10. HP: 76/82 MP: 10/10
  7469 | D:7      | HP: 1/82 [komodo dragon (29)]
  7880 | D:8      | Noticed Jeremiah
  7939 | D:7      | Reached skill level 10 in Short Blades
  8254 | D:8      | Reached skill level 1 in Spellcasting
  8255 | D:8      | Killed Jeremiah
  8456 | D:8      | Noticed Erica
  8798 | D:9      | Found a staircase to the Lair.
  8798 | D:9      | Noticed an elephant
  9676 | D:9      | Reached skill level 1 in Throwing
  9862 | D:9      | Reached skill level 5 in Spellcasting
 10801 | D:9      | Reached XP level 11. HP: 55/87 MP: 19/19
 11620 | D:9      | Acquired the ring of Fairhol {Will++ rCorr SInv Stlth-}
 11695 | D:8      | Noticed Grum
 11749 | D:8      | Slain by Grum

Illustrated notes

Levels and vault maps discovered:
D:1:      psy_arrival_radial01, layout_basic,
          hellmonk_ecumenical_altar_pennies_from_heaven
D:2:      layout_loops_ring, basic_altar, uniq_jessica, uniq_crazy_yiuf_cottage
D:3:      layout_basic, serial_shops, shop_statue
D:4:      layout_basic, pdpol_wu_jian_five_deadly_venoms
D:5:      layout_rooms, mainiacjoe_overflow_alcove_4, slow_altar_2,
          serial_glass, glass_columns_c, glass_columns_b,
          grunt_decor_one_mirror, minmay_misc_feat_alley,
          minmay_fractal_squares_gapless_5, uniq_menkaure, uniq_grinder
D:6:      layout_loops_ring, minmay_temple_entry_antechambers, serial_shops,
          shop, hangedman_abyss_or_decor_lesser_grid
D:7:      kennysheep_windowed_halls, layout_loops_ring,
          mainiacjoe_overflow_divided_tiny, enter_ossuary_3, uniq_pikel
D:8:      layout_cave_pools, serial_shops, nicolae_shop_tiny_waterfront,
          uniq_jeremiah, uniq_grum, uniq_erica
D:9:      layout_stronghold, david_lair_generic, lightli_orcish_oven
Temple:   minmay_temple_bridge_d

Skill      XL: |  1  2  3  4  5  6  7  8  9 10 11 |
---------------+----------------------------------+-----
Fighting       | 2 3 4 5 6 7 8 |  8.9
Short Blades   | 3 5 7 9 10 | 10.0
Shields        | 2 5 |  5.4
Spellcasting   | 5 6 |  6.7
Throwing       | 1 2 |  2.5
Long Blades    | |  0.1
Axes           | |  0.6
Polearms       | |  0.1
Ranged Weapons | |  0.1
Armour         | |  2.0
Dodging        | |  1.0
Stealth        | |  1.0
Conjurations   | |  0.7
Hexes          | |  0.4
Summonings     | |  0.5
Necromancy     | |  0.2
Translocations | |  0.3
Fire Magic     | |  0.3
Ice Magic      | |  0.1
Air Magic      | |  0.2
Earth Magic    | |  0.2
Alchemy        | |  0.3
Invocations    | |  0.3
Evocations     | |  3.0
Shapeshifting  | |  0.2

Action                     |  1- 3 |  4- 6 |  7- 9 | 10-12 || total
---------------------------+-------+-------+-------+-------++-------
  Melee: Club              |   137 |       |       |       ||   137
         Punch             |     2 |     2 |     7 |     5 ||    16
         Whip              |    14 |    18 |       |       ||    32
         Dagger            |       |   143 |   505 |   469 ||  1117
  Throw: Dart              |       |       |       |     8 ||     8
  Evoke: Wand              |     2 |     6 |    33 |    13 ||    54
    Use: Potion            |     1 |       |       |       ||     1
         Scroll            |       |       |    10 |     6 ||    16
   Stab: Sleeping          |       |     3 |     1 |       ||     4
         Distracted        |       |       |     1 |       ||     1
 Armour: Leather armour    |   114 |    74 |   190 |   209 ||   587
  Dodge: Dodged            |   103 |    96 |   168 |   109 ||   476
  Block: Other             |       |     5 |    79 |    49 ||   133
         Reflection        |       |       |     3 |     3 ||     6
